 Dungeon Crawl Stone Soup version 0.29-a0-323-g050149af67 (webtiles) character file.

Game seed: 9493495959099936823

2496 kipponium the Quickloader (level 9, -4/106 HPs)
             Began as a Human Hunter on Apr 11, 2022.
             Was a Follower of Okawaru.
             Slain by a centaur warrior
             ... wielding a +0 flail
              (14 damage)
             ... on level 7 of the Dungeon.
             The game lasted 00:19:10 (6958 turns).

kipponium the Quickloader (Human Hunter)            Turns: 6958, Time: 00:19:11

Health: -4/106     AC: 11    Str:  7    XL:     9   Next: 82%
Magic:  1/2        EV: 18    Int: 11    God:    Okawaru [*.....]
Gold:   449        SH:  0    Dex: 20    Spells: 8/8 levels left

rFire   + . .      SeeInvis +   a - +1 hand crossbow
rCold   . . .      Faith    .   I - orb {light}
rNeg    + . .      Spirit   .   H - +2 ring mail "Vann" {rF+ rN+ MP-9}
rPois   .          Reflect  .   (no helmet)
rElec   .          Harm     .   (no cloak)
rCorr   .          Rampage  .   k - +0 pair of gloves "Iwameg" {Will+++ Regen+ Str-4 SInv}
Will    +++..                   F - +0 pair of boots
Stlth   ..........              A - amulet of the acrobat
HPRegen 1.07/turn               y - +4 ring of evasion
MPRegen 0.08/turn               (no ring)

@: berserking (expiring), heroic, glowing, very quick
A: no striking features
a: Renounce Religion, Heroism


You were on level 7 of the Dungeon.
You worshipped Okawaru.
Okawaru was aware of your devotion.
You visited 2 branches of the dungeon, and saw 9 of its levels.
You also visited: Ossuary.

You collected 449 gold pieces.

Inventory:

Hand Weapons
 a - a +1 hand crossbow (weapon)
 E - the +8 demon trident "Rift" {distort, reach+}
   (You found it on level 6 of the Dungeon)

   It warps and distorts space around it, and may blink, banish, or inflict
   extra damage upon those it strikes.
   Unwielding it can cause banishment or high damage.
   It can reach especially far, and its reaching attacks ignore other creatures
   in the way.
Missiles
 f - 16 poisoned darts
Armour
 b - a +0 leather armour
 k - the +0 pair of gloves "Iwameg" (worn) {Will+++ Regen+ Str-4 SInv}
   (You found it on level 2 of the Dungeon)

   Str:       It affects your strength (-4).
   SInv:      It lets you see invisible.
   Regen:     It increases your rate of health regeneration.
   Will:      It greatly increases your willpower.
 F - a +0 pair of boots (worn)
 H - the +2 ring mail "Vann" (worn) {rF+ rN+ MP-9}
   (You found it on level 7 of the Dungeon)

   rF:        It protects you from fire.
   rN:        It protects you from negative energy.
   MP:        It affects your magic capacity (-9).
 I - an orb of light (worn)
Jewellery
 y - a +4 ring of evasion (left hand)
 A - an amulet of the acrobat (around neck)
 D - a ring of ice
Wands
 v - a wand of charming (8)
 C - a wand of polymorph (5)
 G - a wand of iceblast (9)
Scrolls
 g - 4 scrolls of amnesia {unknown}
 j - 2 scrolls of enchant weapon {unknown}
 l - 3 scrolls of fear {unknown}
 m - 3 scrolls of teleportation {unknown}
 n - 5 scrolls of identify
 o - 5 scrolls of magic mapping {unknown}
 p - 2 scrolls of noise {unknown}
 s - a scroll of enchant armour {unknown}
 x - a scroll of vulnerability {unknown}
Potions
 c - 2 potions of haste {unknown}
 d - 7 potions of berserk rage
 e - 2 potions of mutation {unknown}
 h - a potion of degeneration {unknown}
 i - a potion of resistance {unknown}
 q - 4 potions of curing {unknown}
 r - a potion of ambrosia {unknown}
 t - 4 potions of might
 u - 2 potions of cancellation {unknown}
 w - 2 potions of brilliance {unknown}
 z - a potion of flight {unknown}
 B - a potion of invisibility {unknown}


   Skills:
 + Level 6.6(11.6) Fighting
 - Level 10.0(15.0) Crossbows
 + Level 1.9(6.9) Armour
 + Level 3.9(8.9) Dodging
 + Level 2.0(7.0) Stealth
 * Level 2.9 Invocations
 - Level 2.1 Evocations


You had 8 spell levels left.
You didn't know any spells.
Your spell library contained the following spells:

 Spells                   Type           Power      Damage    Failure   Level
 Ozocubu's Armour         Ice            0%         N/A       97%         3
 Ozocubu's Refrigeration  Ice            0%         4d5       100%        7


Dungeon Overview and Level Annotations

Branches:
Dungeon (8/15)             Temple (1/1) D:6         Ossuary (visited)
   Lair: D:8-11

Altars:
Ashenzari
Cheibriados
Gozag
Hepliaklqana
Kikubaaqudgha
Makhleb
Nemelex Xobeh
Okawaru
Qazlal
Ru
Sif Muna
Uskayaw
Vehumet
Wu Jian
Yredelemnul
The Shining One

Shops:
D:7 :

Annotations:
D:5 1 runed translucent door, Crazy Yiuf


Message History

* * * LOW HITPOINT WARNING * * *
The centaur warrior barely misses you.
You clumsily bash the centaur warrior.
The centaur warrior is moderately wounded.
The centaur warrior hits you with a +0 flail!
* * * LOW HITPOINT WARNING * * *
The centaur warrior closely misses you.
You clumsily bash the centaur warrior.
The centaur warrior is heavily wounded.
The centaur warrior closely misses you. The centaur warrior barely misses you.
You clumsily bash the centaur warrior.
The centaur warrior is heavily wounded.
The centaur warrior completely misses you.
The centaur warrior kicks you but does no damage.
You clumsily bash the centaur warrior.
The centaur warrior is heavily wounded.
The centaur warrior barely misses you. The centaur warrior misses you.
You clumsily bash the centaur warrior.
The centaur warrior is heavily wounded.
The centaur warrior barely misses you.
The centaur warrior kicks you but does no damage.
You clumsily bash the centaur warrior.
The centaur warrior is severely wounded.
The centaur warrior hits you with a +0 flail!
* * * LOW HITPOINT WARNING * * *
The centaur warrior kicks you but does no damage.
You clumsily bash the centaur warrior.
The centaur warrior is severely wounded.
The centaur warrior hits you with a +0 flail.
* * * LOW HITPOINT WARNING * * *
The centaur warrior kicks you.
* * * LOW HITPOINT WARNING * * *
You clumsily bash the centaur warrior but do no damage.
The centaur warrior is severely wounded.
The centaur warrior hits you but does no damage.
The centaur warrior completely misses you.
You clumsily bash the centaur warrior.
The centaur warrior is almost dead.
The centaur warrior hits you with a +0 flail!
You die...

############# ###...........###
#### #...............####..# #
#................##..## #
##...............##..# ##
##..............#...# .##
##.................# ..#
##......@c....)<..####### ..##
##...#########.......).. #..#
##..#⌠..∩..⌠#.......... ##.##
#####..≈≈≈..#..........
##..#######...#.≈≈≈≈≈.#..........
##.#.......###.≈§§≈≈.#..........
#...####### #.≈§§≈≈.#..........
##.### #..§≈§..#.......... ##.##
##.....##..........


You could see a centaur warrior.

Vanquished Creatures
  A human (D:5)
  A wyvern (D:8)
  A steam dragon (D:7)
  2 sky beasts
  A black bear (D:6)
  2 ogres
  2 centaurs
  A phantom (D:5)
  A kobold brigand (D:8)
  2 bullfrogs
  2 scorpions
  A necrophage (D:6)
  5 water moccasin zombies (Ossuary)
  5 killer bees (D:8)
  4 hounds
  3 orc wizards
  4 iguanas
  2 mummies (Ossuary)
  5 gnolls
  13 adders
  A white imp (D:4)
  2 ufetubi
  An adder zombie (Ossuary)
  3 worms
  2 dart slugs
  12 orcs
  4 ball pythons
  7 endoplasms
  5 giant cockroaches
  7 goblins
  3 hobgoblins
  6 jackals
  4 quokkas
  6 bats
  2 frilled lizards (D:1)
  3 gnoll zombies (Ossuary)
  10 hobgoblin zombies (Ossuary)
  14 kobolds
  5 kobold zombies (Ossuary)
  3 orc zombies (Ossuary)
  8 rats
166 creatures vanquished.

Vanquished Creatures (others)
  A hound (D:7)
  An orc (D:7)
  49 plants (D:3)
51 creatures vanquished.

Grand Total: 217 creatures vanquished

Notes
Turn   | Place    | Note
-------+----------+-------------------------------------------
     0 | D:1      | kipponium the Human Hunter began the quest for the Orb.
     0 | D:1      | Reached XP level 1. HP: 16/16 MP: 1/1
   118 | D:1      | Reached XP level 2. HP: 22/22 MP: 2/2
   347 | D:1      | Reached XP level 3. HP: 27/27 MP: 3/3
   637 | D:1      | Found a faded altar of an unknown god.
   676 | D:2      | Reached skill level 5 in Crossbows
   947 | D:2      | Reached XP level 4. HP: 23/33 MP: 4/4
  1093 | D:2      | Identified the +0 pair of gloves "Iwameg" {Will+++ Regen+
                  | Str-4 SInv}
  1264 | D:2      | Found a sacrificial altar of Ru.
  2049 | D:3      | Reached skill level 6 in Crossbows
  2049 | D:3      | Reached XP level 5. HP: 13/38 MP: 5/5
  2711 | D:4      | Found a sand-covered staircase.
  2716 | Ossuary  | Entered an ossuary
  2767 | Ossuary  | Reached XP level 6. HP: 29/44 MP: 6/6
  2777 | Ossuary  | Reached skill level 7 in Crossbows
  2850 | Ossuary  | Reached XP level 7. HP: 12/50 MP: 7/7
  2910 | Ossuary  | Reached skill level 8 in Crossbows
  4042 | D:5      | Entered Level 5 of the Dungeon
  4066 | D:5      | Reached skill level 9 in Crossbows
  4066 | D:5      | Reached XP level 8. HP: 27/56 MP: 8/8
  4247 | D:5      | Noticed a human
  4247 | D:5      | a black bear changed into a human
  4294 | D:5      | Killed a human
  4378 | D:5      | Reached skill level 10 in Crossbows
  4658 | D:5      | Found a runed translucent door.
  4659 | D:5      | Noticed Crazy Yiuf
  5030 | D:6      | Reached XP level 9. HP: 65/65 MP: 9/9
  5046 | D:6      | Found a staircase to the Ecumenical Temple.
  5079 | Temple   | Entered the Ecumenical Temple
  5173 | Temple   | Became a worshipper of Warmaster Okawaru
  5526 | D:6      | Found the +8 demon trident "Rift" {distort, reach+}
  5722 | D:6      | Reached skill level 5 in Fighting
  5841 | D:7      | Found Hizer's Book Boutique.
  5887 | D:7      | Reached skill level 1 in Invocations
  6410 | D:7      | Identified the +2 ring mail "Vann" {rF+ rN+ MP-9}
  6664 | D:8      | Reached skill level 1 in Armour
  6673 | D:8      | Reached * piety under Okawaru
  6923 | D:8      | Noticed a centaur warrior
  6958 | D:7      | Slain by a centaur warrior

Illustrated notes

Levels and vault maps discovered:
D:1:      scummos_arrival_star, layout_basic,
          dilly_ecumenical_altar_fadedgnrine, chequers_serial_rivers_small_b,
          chequers_serial_rivers_micro_c
D:2:      layout_basic, basic_altar
D:3:      layout_basic, serial_bayou_lagoon_a
D:4:      layout_gridville, serial_co_window_serial, co_window_of_opportunity_a,
          co_window_corner_a, co_window_of_opportunity_a, co_window_cross_1,
          co_window_corner_a, co_window_paths_a, co_window_paths_a,
          co_window_paths_a, co_window_corner_a, co_window_unsneaky_path_e,
          co_window_paths_c, co_window_unsneaky_path_d,
          co_window_of_opportunity_b, co_window_cross_4, co_window_paths_c,
          glass_columns_a, glass_columns_b, glass_columns_b, enter_ossuary_2,
          serial_bayou_crossing
D:5:      layout_loops_ring, uniq_crazy_yiuf_cottage
D:6:      layout_loops_ring, minmay_temple_entry_glassed_door
D:7:      layout_cave_pods, serial_shops, nicolae_lakefront_shop
D:8:      layout_basic
Temple:   mainiacjoe_temple_circle_huts

Skill      XL: |  1  2  3  4  5  6  7  8  9 |
---------------+----------------------------+-----
Crossbows      | 5 6 7 9 10 | 10.0
Evocations     | 2 |  2.1
Fighting       | 4 6 |  6.6
Dodging        | 3 |  3.9
Invocations    | 2 |  2.9
Armour         | 1 |  1.9
Stealth        | 2 |  2.0

Action                   |  1- 3 |  4- 6 |  7- 9 || total
-------------------------+-------+-------+-------++-------
Melee: Hand crossbow     |       |       |    12 ||    12
 Fire: Hand crossbow     |    73 |   185 |   375 ||   633
Invok: Heroism           |       |       |     1 ||     1
Evoke: Wand              |       |       |     2 ||     2
  Use: Potion            |       |     2 |     2 ||     4
       Scroll            |       |       |     2 ||     2
Armor: Leather armour    |    11 |    29 |    43 ||    83
       Ring mail         |       |       |    24 ||    24
Dodge: Dodged            |    11 |    66 |   197 ||   274

Table legend: (Time is in decaauts)
 A = Elapsed time spent in this place.
 B = Non-inter-level travel time spent in this place.
 C = Inter-level travel time spent in this place.
 D = Time resting spent in this place.
 E = Time spent auto-exploring this place.
 F = Levels seen in this place.
 G = Mean time per level.
                   A        B        C        D        E       F      G
               +--------+--------+--------+--------+--------+-----+--------+
         Total |   7079 |   6814 |    265 |    437 |   4948 |  10 |  707.9 |
       Dungeon |   6676 |   6427 |    249 |    372 |   4877 |   8 |  834.5 |
        Temple |    111 |     95 |     16 |      0 |     71 |   1 |  111.0 |
       Ossuary |    291 |    291 |      0 |     65 |      0 |   1 |  291.0 |
               +--------+--------+--------+--------+--------+-----+--------+

Top non-repeatable levels by time:
     D:2: 1321 daAuts
     D:4: 1085 daAuts
     D:5: 885 daAuts
     D:7: 882 daAuts
     D:3: 761 daAuts
     D:6: 758 daAuts
     D:1: 680 daAuts
     D:8: 302 daAuts
 Ossuary: 291 daAuts
  Temple: 111 daAuts
